 Dungeon Crawl Stone Soup version 0.30.0-29-ga12c61a403 (webtiles) character file.

Game seed: 15365816166120741696

59 KamiKatze the Shield-Bearer (level 4, -7/23 HPs)
             Began as a Vine Stalker Fighter on June 6, 2023.
             Was a Follower of Uskayaw.
             Mangled by Crazy Yiuf
             ... wielding a +3 quarterstaff of chaos
              (9 damage)
             ... on level 2 of the Dungeon.
             The game lasted 00:05:49 (1675 turns).

KamiKatze the Shield-Bearer (Vine Stalker Fighter)  Turns: 1675, Time: 00:05:50

Health: -7/23      AC:  6    Str: 21    XL:     4   Next: 3%
Magic:  0/5        EV:  9    Int:  8    God:    Uskayaw [*.....]
Gold:   66         SH:  4    Dex: 13    Spells: 3/3 levels left

rFire   . . .        a - +0 war axe
rCold   . . .        c - +0 buckler
rNeg    + . .        b - +0 scale mail
rPois   .            (no helmet)
rElec   .            (no cloak)
rCorr   .            (no gloves)
SInv    .            (no boots)
Will    .....        (no amulet) Stlth
                     g - ring of positive energy
HPRegen 1.03/turn    (no ring)
MPRegen 0.09/turn

%: guardian spirit
@: hasted, very quick
A: fangs 2, regeneration 1, magic shield, antimagic bite, no potion heal 2
a: Renounce Religion, Stomp


You were on level 2 of the Dungeon.
You worshipped Uskayaw.
Uskayaw was noncommittal.
You visited 1 branch of the dungeon, and saw 3 of its levels.

You collected 66 gold pieces.

Inventory:

Hand Weapons
 a - a +0 war axe (weapon)
Missiles
 i - 5 curare-tipped darts (quivered)
Armour
 b - a +0 scale mail (worn)
 c - a +0 buckler (worn)
Jewellery
 g - a ring of positive energy (left hand)
Scrolls
 e - a scroll of enchant armour {unknown}
 h - a scroll of enchant weapon {unknown}
 m - 2 scrolls of identify {unknown}
 p - a scroll of silence {unknown}
Potions
 d - 3 potions of might
 f - a potion of haste {unknown}
 j - a potion of flight {unknown}
 k - a potion of cancellation {unknown}
 l - a potion of ambrosia {unknown}
 n - a potion of heal wounds {unknown}
 o - a potion of berserk rage {unknown}


   Skills:
 + Level 2.9 Fighting
 * Level 2.2 Axes
 + Level 2.6 Armour
 + Level 0.6 Dodging
 * Level 3.1 Shields
 + Level 0.8 Invocations
 + Level 1.0 Evocations


You had 3 spell levels left.
You didn't know any spells.
Your spell library contained the following spells:

 Spells                   Type           Power      Damage    Failure   Level
 Apportation              Tloc           0%         N/A       83%         1
 Static Discharge         Conj/Air       0%         2-2/arc   92%         2
 Portal Projectile        Hex/Tloc       0%         N/A       99%         3
 Tukima's Dance           Hex            0%         N/A       99%         3
 Vhi's Electric Charge    Tloc/Air       0%         N/A       99%         3
 Airstrike                Air            0%         2d(0-16)  100%        4
 Summon Lightning Spire   Summ/Air       0%         N/A       100%        4
 Alistair's Intoxication  Tmut/Pois      0%         N/A       100%        5
 Arcjolt                  Conj/Air       0%         1d10      100%        5
 Blade Hands              Tmut           0%         N/A       100%        5
 Maxwell's Capacitive Co  Air            0%         ∞         100%        8


Dungeon Overview and Level Annotations

Branches:
Dungeon (3/15)

Altars:
Dithmenos
Uskayaw

Annotations:
D:2 Crazy Yiuf


Innate Abilities, Weirdness & Mutations

You have extremely sharp teeth.
Your natural rate of healing is unusually fast.
When hurt, damage is shared between your health and your magic reserves.
Your bite disrupts and absorbs the magic of your enemies.
Potions cannot restore your health.


Message History

You block the worm's attack.
You hit the worm but do no damage. You bite the worm.
You kill the worm!
You can now pass through a line of other dancers.
Your Evocations skill increases to level 1!
You have reached level 4!
You feel stronger.
You begin to heal more quickly.
There is an open door here.
There is an open door here.
There is an open door here.
You open the door.
There is an open door here.
You open the door.
There is an open door here.
Found a hammer.
Found a runed translucent door.
Crazy Yiuf shouts!
You open the door. You barely miss Crazy Yiuf.
Crazy Yiuf says, "Two!"
Crazy Yiuf barely misses you.
You hit Crazy Yiuf. You bite Crazy Yiuf. You drain his power.
Crazy Yiuf is moderately wounded.
Crazy Yiuf hits you with a +3 quarterstaff of chaos!
You feel yourself speed up.
Crazy Yiuf says, "Earwax!"
Crazy Yiuf hits you with a +3 quarterstaff of chaos!
* * * LOW HITPOINT WARNING * * *
Crazy Yiuf freezes you.
* * * LOW HITPOINT WARNING * * *
You hit Crazy Yiuf. Your bite misses Crazy Yiuf.
Crazy Yiuf is heavily wounded.
Crazy Yiuf hits you with a +3 quarterstaff of chaos!
* * * LOW HITPOINT WARNING * * *
Crazy Yiuf burns you.
* * * LOW HITPOINT WARNING * * *
You barely miss Crazy Yiuf.
Crazy Yiuf is heavily wounded.
Crazy Yiuf hits you with a +3 quarterstaff of chaos!
You die...

...##.#######.#
...##.......).#
...############
........# .......##
........##♣♣♣♣♣
............♣.♣♣♣ ###
.............♣..♣#...#
..........PP♣♣♣♣@g...#
..........P♣♣ ♣♣#..)#
.......###♣♣ ###
.......# .......#
.......# ########
####### ......#


You could see Crazy Yiuf.

Vanquished Creatures
  An adder (D:2)
  2 worms (D:2)
  2 dart slugs
  2 bats
  3 endoplasms (D:1)
  2 giant cockroaches
  8 goblins
  3 hobgoblins
  A kobold (D:1)
  4 quokkas
  4 ball pythons
  A frilled lizard (D:1)
  4 rats
37 creatures vanquished.

Notes
Turn   | Place    | Note
-------+----------+-------------------------------------------
     0 | D:1      | KamiKatze the Vine Stalker Fighter began the quest for the
                  | Orb.
     0 | D:1      | Reached XP level 1. HP: 11/11 MP: 2/2
   228 | D:1      | Found a faded altar of an unknown god.
   252 | D:1      | Reached XP level 2. HP: 16/16 MP: 3/3
   419 | D:1      | Reached skill level 3 in Shields
   578 | D:1      | Reached XP level 3. HP: 19/19 MP: 4/4
   878 | D:2      | You fall into a shaft and drop 1 floor!
   878 | D:3      | Found a hide-covered altar of Uskayaw.
   882 | D:3      | Became a worshipper of Uskayaw the Reveller
   886 | D:3      | Found a shadowy altar of Dithmenos.
   921 | D:2      | Reached * piety under Uskayaw
   928 | D:2      | Reached ** piety under Uskayaw
  1237 | D:2      | Identified the amulet of Saolaamn {Spirit Harm Will+ Int+4}
  1515 | D:2      | Reached skill level 1 in Evocations
  1515 | D:2      | Gained mutation: Your natural rate of healing is unusually
                  | fast. [Vine Stalker growth]
  1515 | D:2      | Reached XP level 4. HP: 23/23 MP: 5/5
  1667 | D:2      | Found a runed translucent door.
  1668 | D:2      | Noticed Crazy Yiuf
  1674 | D:2      | HP: 1/23 [Crazy Yiuf/+3 quarterstaff of chaos (1)]
  1675 | D:2      | Mangled by Crazy Yiuf

Illustrated notes

Levels and vault maps discovered:
D:1:      heliophobic_arrival_ceremonial_halls, layout_basic,
          hellmonk_ecumenical_altar_crossroads
D:2:      minmay_alternating_diamond, layout_basic, uniq_crazy_yiuf_cottage
D:3:      layout_basic, lemuel_tele_altar, mainiacjoe_overflow_small_starburst,
          kennysheep_okawaru_gauntlet, moated_statue, kennysheep_boxes,
          uniq_natasha, uniq_terence

Skill      XL: |  1  2  3 |
---------------+----------+-----
Axes           | 2 |  2.2
Shields        | 3 |  3.1
Evocations     | 1 |  1.0
Fighting       | |  2.9
Armour         | |  2.6
Dodging        | |  0.6
Invocations    | |  0.8

Action                     |  1- 3 |  4- 6 || total
---------------------------+-------+-------++-------
  Melee: War axe           |    91 |     4 ||    95
         Bite              |    15 |     1 ||    16
 Armour: Scale mail        |    43 |       ||    43
  Dodge: Dodged            |    40 |     1 ||    41
  Block: Buckler           |    15 |       ||    15
